 Dungeon Crawl Stone Soup version 0.25-a0-1136-gc1285e62ab (webtiles) character file.

Game seed: 3737591972713366121, levelgen mode: deterministic

33712 Masnef the Brawler (level 13, -3/120 HPs)
             Began as a Troll Monk on May 23, 2020.
             Was a High Priest of Okawaru.
             Hit by a javelin thrown by Urug (32 damage)
             ... on level 6 of the Lair of Beasts.
             The game lasted 00:40:20 (17349 turns).

Masnef the Brawler (Troll Monk)                    Turns: 17349, Time: 00:40:20

Health: -3/120     AC: 11    Str: 20    XL:     13   Next: 38%
Magic:  11/15      EV: 18    Int: 14    God:    Okawaru [*****.]
Gold:   973        SH:  0    Dex: 15    Spells: 9/12 levels left

rFire    + . .     SeeInvis .     - Unarmed
rCold    + + +     Gourm    +   (no shield)
rNeg     . . .     Faith    .   L - +2 robe {rC+}
rPois    +         Spirit   .   X - +1 hat of Misanthropy {rF+ Str-2 Int+4 Slay+2}
rElec    .         Reflect  .   r - +1 cloak
rCorr    .         Harm     .   (gloves unavailable)
MR       +....                  (boots unavailable)
Stlth    +++.......             N - amulet "Aciug" {Acrobat rC++ Dex+3}
HPRegen  0.70/turn              A - ring of protection from magic
MPRegen  0.14/turn              p - ring of poison resistance

@: heroism, finesse, studying 3 skills
A: large, unfitting armour, claws 3, fast metabolism 3, gourmand, regeneration
1, shaggy fur 1, tough skin 3
a: Heroism, Finesse, Renounce Religion


You were on level 6 of the Lair of Beasts.
You worshipped Okawaru.
Okawaru was extremely pleased with you.
You were very full.

You visited 3 branches of the dungeon, and saw 18 of its levels.
You also visited: Bailey.

You collected 1076 gold pieces.
You spent 103 gold pieces at shops.

Inventory:

Hand Weapons
 M - the +8 storm bow {elec, penet}
   (You found it on level 9 of the Dungeon)

   It charges the ammunition it shoots with electricity; occasionally upon a
   hit, such missiles may discharge and cause terrible harm.
   Ammo fired by it will pass through the targets it hits, potentially hitting
   all targets in its path until it reaches maximum range.
Missiles
 z - 24 javelins (quivered)
 S - 5 large rocks
 T - 4 throwing nets
 U - 302 arrows
Armour
 r - a +1 cloak (worn)
 u - a +0 tower shield
 L - a +2 robe of cold resistance (worn)
 X - the +1 hat of Misanthropy (worn) {rF+ Str-2 Int+4 Slay+2}
   (Okawaru gifted it to you on level 1 of the Lair of Beasts)

   It affects your strength (-2).
   It affects your intelligence (+4).
   It affects your accuracy and damage with ranged weapons and melee attacks
   (+2).
   It protects you from fire.
Jewellery
 i - an uncursed ring of resist corrosion
 p - a ring of poison resistance (right claw)
 A - a ring of protection from magic (left claw)
 K - an uncursed amulet of reflection
 N - the amulet "Aciug" (around neck) {Acrobat rC++ Dex+3}
   (You found it on level 9 of the Dungeon)

   [amulet of the acrobat]

   It helps you evade while moving and waiting.
   It affects your dexterity (+3).
   It greatly protects you from cold.
 Y - a +4 ring of evasion
Wands
 x - a wand of flame (52)
 y - a wand of disintegration (10)
 G - a wand of polymorph (23)
 R - a wand of acid (6)
Scrolls
 c - 2 scrolls of identify
 d - a scroll of silence {unknown}
 f - 2 scrolls of teleportation
 j - 2 scrolls of fog
 l - 8 scrolls of remove curse
 m - a scroll of summoning
 n - a scroll of amnesia {unknown}
 q - 6 scrolls of magic mapping
 s - 3 scrolls of immolation
 t - 5 scrolls of enchant weapon
 B - a scroll of vulnerability
 E - 2 scrolls of blinking
 Q - a scroll of enchant armour
Potions
 a - a potion of ambrosia
 e - 4 potions of brilliance
 g - a potion of invisibility
 h - a potion of degeneration
 k - a potion of flight
 w - 3 potions of might
 D - 3 potions of haste
 F - 2 potions of magic
 H - a potion of berserk rage
 I - a potion of resistance
 J - a potion of lignification {unknown}
 Z - 3 potions of curing
Books
 v - a manual of Charms
 O - a manual of
Armour
 P - a manual of Shields
Miscellaneous
 V - a tin of tremorstones (3/3)
Comestibles
 b - 29 rations


   Skills:
 * Level 6.2(11.2) Fighting
 - Level 0.5(5.5) Bows
 - Level 6.0(11.0) Throwing
 + Level 7.3(12.3) Dodging
 - Level 1.0(6.0) Stealth
 * Level 8.5(13.5) Shields
 + Level 15.3(20.3) Unarmed Combat
 * Level 5.0 Invocations
 * Level 3.8 Evocations


You had 9 spell levels left.
You knew the following spells:

 Your Spells              Type           Power        Failure   Level  Hunger
a - Confusing Touch       Hex            #.......     65%         3    ####...

Your spell library contained the following spells:

 Spells                   Type           Power        Failure   Level  Hunger
 Corona                   Hex            #......      28%         1    ##.....
 Ensorcelled Hibernation  Hex/Ice        #.....       41%         2    ###....
 Dazzling Flash           Conj/Hex       #.....       65%         3    ####...
 Tukima's Dance           Hex            #.......     65%         3    ####...


Dungeon Overview and Level Annotations

Branches:
Dungeon (12/15)            Temple (1/1) D:4            Lair (4/6) D:10
 Shoals (0/4) Lair:3        Snake (0/4) Lair:3        Slime (0/5) Lair:6
    Orc (0/2) D:12         Bailey (visited)

Altars:
Ashenzari
Elyvilon
Gozag
Okawaru
Qazlal
Ru
Vehumet
Yredelemnul
Zin
The Shining One

Shops:
D:4 *   D:6 [   D:9 (

Annotations:
Lair:6 Urug


Innate Abilities, Weirdness & Mutations

You are too large for most types of armour.
You have claws for hands.
Your metabolism is lightning-fast.
You like to eat raw meat.
Your natural rate of healing is unusually fast.
You are covered in fur. (AC +1)
You have extremely tough skin. (AC +3)


Message History

You throw a javelin.
The javelin pierces through the rime drake.
The rime drake is lightly wounded.
You feel sick.
You feel better. The rime drake breathes ice at you. The flash freeze hits you!
You partially resist.
* * * LOW HITPOINT WARNING * * *
You are encased in ice.
You feel much better.
You are too injured to fight recklessly!
You are too injured to fight recklessly!
The ice encasing you melts away. The rime drake completely misses you.
Urug the Orcish Ballista comes into view.
She is wielding a +2 broad axe of flaming.
The rime drake bites you but does no damage.
You mangle the rime drake!!
The rime drake is severely wounded.
Urug throws a javelin.
The javelin pierces through you!!
You die...

,,,,,,,,,,....,** **,*
**,.,**
******,,,.....P.***,**
*,..** *******,,.......**,**
**...* **≈≈*
*,,.......*,***♣♣..#**
*≈≈****,,.......,***♣....##
≈≈≈* *,,,.......♣♣♣♣.....P#*
≈*****,,,.........(.†......*
** *,,,,.........†P......#*
*****,,,,.......@kPP.....##*
8*8***,,,......#.....##..?.*
,,** *,,,.....##..P..#*,..#*
,,8* **,,.....,.........,..*
,,** *,,....,..........,,#*
,,,** ***...,.#(.(#..##..,*
,,,,****,#,,,,o#.#.#.#*..,*
,,,,,,,^*,,,,,.##..,#.,,,**
,,,,,,,*,,,,,,,,,,,,,,,,,**


You could see Urug and a rime drake.

Vanquished Creatures
  4 hydras
  Harold (D:11)
  3 two-headed ogres
  4 death yaks (Lair:6)
  An unseen horror (D:11)
  Pikel (D:5)
  5 oklob plants
  An ugly thing (D:11)
  A deep elf mage (D:9)
  3 elephants (Lair:2)
  A cyclops (D:12)
  A merfolk siren (Lair:3)
  3 black mambas
  Maurice (D:9)
  A centaur zombie (D:10)
  2 gargoyles (D:12)
  2 spiny frogs
  2 kobold demonologists (D:12)
  3 komodo dragons
  2 trolls
  7 hippogriffs
  4 blink frogs (Lair:3)
  A wraith (D:10)
  4 wyverns
  14 yaks
  2 hungry ghosts
  2 humans
  3 basilisks
  3 hogs (D:7)
  A naga (Lair:3)
  6 water moccasins
  8 porcupines
  5 sky beasts
  A slave (D:5)
  3 black bears
  A wolf (Lair:6)
  15 orc warriors
  5 ogres
  2 eyes of draining
  A boggart (Lair:6)
  20 centaurs
  4 crocodiles
  3 big kobolds
  2 gnoll sergeants
  14 bullfrogs
  5 scorpions
  5 electric eels (D:12)
  3 wights (D:12)
  5 howler monkeys
  A crimson imp (D:10)
  7 orc priests
  4 hounds
  2 jellies
  A quasit (D:8)
  4 bullfrog skeletons
  12 orc wizards
  2 iguanas
  14 worker ants
  A howler monkey zombie (D:7)
  9 gnolls
  14 adders
  2 shadow imps
  3 adder zombies
  3 dart slugs
  6 leopard geckos
  68 orcs
  2 giant cockroaches
  10 goblins
  7 hobgoblins
  14 jackals
  12 kobolds
  4 quokkas
  4 ball pythons
  3 bats
  5 frilled lizards
  A jackal skeleton (D:2)
  6 rats
  4 plants
416 creatures vanquished.

Vanquished Creatures (others)
  5 plants
5 creatures vanquished.

Grand Total: 421 creatures vanquished

Notes
Turn   | Place    | Note
-------+----------+-------------------------------------------
     0 | D:1      | Masnef the Troll Monk began the quest for the Orb.
     0 | D:1      | Reached XP level 1. HP: 22/22 MP: 0/0
   217 | D:1      | Reached XP level 2. HP: 29/29 MP: 1/1
   620 | D:2      | Reached skill level 4 in Unarmed Combat
   669 | D:2      | Reached XP level 3. HP: 36/36 MP: 2/2
   854 | D:2      | Found a runed translucent door.
   854 | D:2      | Noticed a human
   861 | D:2      | Found a basalt altar of Yredelemnul.
  1204 | D:2      | Killed a human
  1204 | D:2      | Reached skill level 6 in Unarmed Combat
  1204 | D:2      | Reached XP level 4. HP: 29/44 MP: 3/3
  1204 | D:2      | Reached XP level 5. HP: 33/50 MP: 4/4
  1455 | D:3      | Reached XP level 6. HP: 59/59 MP: 5/5
  1519 | D:3      | Reached skill level 7 in Unarmed Combat
  2268 | D:4      | Found Teckag's Tempting Trifles.
  2273 | D:4      | Noticed a sky beast
  2282 | D:4      | Killed a sky beast
  2282 | D:4      | Reached skill level 8 in Unarmed Combat
  2282 | D:4      | Reached XP level 7. HP: 59/66 MP: 6/6
  2343 | D:4      | Found a staircase to the Ecumenical Temple.
  2352 | Temple   | Entered the Ecumenical Temple
  2362 | Temple   | Became a worshipper of Warmaster Okawaru
  2362 | Temple   | Reached * piety under Okawaru
  2362 | Temple   | Reached ** piety under Okawaru
  3051 | D:4      | Found a glowing golden altar of the Shining One.
  3153 | D:4      | Found a sacrificial altar of Ru.
  3154 | D:4      | Found a shattered altar of Ashenzari.
  3253 | D:5      | Entered Level 5 of the Dungeon
  3264 | D:5      | Reached skill level 9 in Unarmed Combat
  3470 | D:5      | Found a glowing silver altar of Zin.
  3482 | D:5      | Reached XP level 8. HP: 74/74 MP: 7/7
  3560 | D:5      | You fall into a shaft and drop 3 floors!
  3571 | D:8      | Reached skill level 10 in Unarmed Combat
  3591 | D:8      | Reached *** piety under Okawaru
  3688 | D:8      | Reached skill level 1 in Shields
  4281 | D:5      | Noticed a troll
  4284 | D:5      | Killed a troll
  4284 | D:5      | Reached **** piety under Okawaru
  4284 | D:5      | Reached XP level 9. HP: 80/80 MP: 8/8
  4339 | D:5      | Noticed Pikel
  4355 | D:5      | Killed Pikel
  4355 | D:5      | Reached skill level 11 in Unarmed Combat
  4541 | D:6      | Received a gift from Okawaru
  4831 | D:6      | Noticed a two-headed ogre
  4840 | D:6      | Killed a two-headed ogre
  4840 | D:6      | Reached ***** piety under Okawaru
  4840 | D:6      | Reached skill level 1 in Throwing
  5040 | D:6      | Found Biafoscha's Antique Armour Boutique.
  5048 | D:6      | Bought an embroidered robe for 103 gold pieces
  5606 | D:7      | Reached skill level 12 in Unarmed Combat
  5606 | D:7      | Reached XP level 10. HP: 81/91 MP: 9/9
  5625 | D:7      | Reached skill level 5 in Dodging
  6988 | D:9      | Found Jecsoasch's Weapon Shoppe.
  7167 | D:9      | Noticed a deep elf mage
  7168 | D:9      | Found the +8 storm bow {elec, penet}
  7171 | D:9      | Noticed a seven-headed hydra
  7305 | D:9      | Killed a deep elf mage
  7305 | D:9      | Reached skill level 5 in Shields
  7314 | D:9      | Learned a level 3 spell: Confusing Touch
  7321 | D:9      | Got a sparkling graven amulet
  7332 | D:9      | Identified the amulet "Aciug" {Acrobat rC++ Dex+3} (You
                  | found it on level 9 of the Dungeon)
  7360 | D:9      | Noticed a two-headed ogre
  7367 | D:9      | Killed a two-headed ogre
  7367 | D:9      | Received a gift from Okawaru
  7642 | D:9      | Noticed Maurice
  7653 | D:9      | Killed Maurice
  7653 | D:9      | Reached skill level 13 in Unarmed Combat
  7702 | D:9      | Killed a 13-headed hydra
  7702 | D:9      | Reached XP level 11. HP: 30/100 MP: 3/10
  8056 | D:10     | Entered Level 10 of the Dungeon
  8094 | D:10     | Found a flagged portal.
  8105 | Bailey   | Entered a bailey
  8261 | Bailey   | Reached skill level 1 in Invocations
  9191 | D:10     | Received a gift from Okawaru
  9226 | D:10     | Found a staircase to the Lair.
  9226 | D:10     | Noticed an oklob plant
  9242 | D:10     | Killed an oklob plant
  9343 | D:10     | Reached skill level 1 in Evocations
  9883 | D:11     | Killed an unseen horror
  9883 | D:11     | Reached ****** piety under Okawaru
  9883 | D:11     | Received a gift from Okawaru
 10157 | D:11     | Noticed Harold
 10161 | D:11     | Killed Harold
 11199 | D:11     | Reached skill level 14 in Unarmed Combat
 11318 | D:11     | Noticed a brown ugly thing
 11323 | D:11     | Killed a brown ugly thing
 11328 | D:11     | Received a gift from Okawaru
 11450 | D:11     | Reached skill level 5 in Fighting
 11450 | D:11     | Reached XP level 12. HP: 111/111 MP: 13/13
 11783 | D:12     | Identified the cursed +0 hand axe of Vuham {drain, *Rage
                  | rPois Str+4} (You found it on level 12 of the Dungeon)
 11894 | D:12     | Reached skill level 5 in Throwing
 12159 | D:12     | Found a staircase to the Orcish Mines.
 12792 | D:12     | Noticed a two-headed ogre
 12802 | D:12     | Killed a two-headed ogre
 13849 | Lair:1   | Entered Level 1 of the Lair of Beasts
 13979 | Lair:1   | Noticed a six-headed hydra
 13984 | Lair:1   | Killed a six-headed hydra
 13994 | Lair:1   | Received a gift from Okawaru
 14008 | Lair:1   | Got a heavily runed hat {god gift}
 14014 | Lair:1   | Identified the +1 hat of Misanthropy {rF+ Str-2 Int+4
                  | Slay+2} (Okawaru gifted it to you on level 1 of the Lair of
                  | Beasts)
 15180 | Lair:2   | Got a twitching lead ring
 15182 | Lair:2   | Identified the ring of Fekyol {+Fly MP+9} (You found it on
                  | level 2 of the Lair of Beasts)
 15471 | Lair:2   | Noticed a seven-headed hydra
 15481 | Lair:2   | Killed an 11-headed hydra
 16159 | Lair:3   | Found a sacrificial altar of Ru.
 16172 | Lair:3   | Reached XP level 13. HP: 95/120 MP: 15/15
 16220 | Lair:3   | Found a staircase to the Snake Pit.
 16374 | Lair:3   | Reached skill level 15 in Unarmed Combat
 16383 | Lair:3   | Found a staircase to the Shoals.
 17278 | Lair:4   | You fall into a shaft and drop 2 floors!
 17278 | Lair:6   | Entered Level 6 of the Lair of Beasts
 17284 | Lair:6   | Found a stormy altar of Qazlal.
 17330 | Lair:6   | Received a gift from Okawaru
 17330 | Lair:6   | Reached skill level 5 in Invocations
 17333 | Lair:6   | HP: 4/120 [death yak (19)]
 17340 | Lair:6   | HP: 3/120 [poisoned by a spiny frog]
 17345 | Lair:6   | HP: 1/120 [rime drake/flash freeze (14)]
 17348 | Lair:6   | Noticed Urug
 17349 | Lair:6   | Hit by a javelin thrown by Urug

Illustrated notes

Levels and vault maps discovered:
D:1:      kilobyte_arrival_exit_the_forest, layout_rooms, minmay_misc_feat_rows
D:2:      cheibrodos_old_hovel, layout_loops_cross, first_ration,
          dk_yredelemnul_ordeal
D:3:      layout_basic
D:4:      layout_basic, gammafunk_temple_overflow_pools,
          minmay_temple_entry_ruins, nicolae_alphabet_shops, tso_altar
D:5:      layout_cave_pools, basic_altar, minmay_manual_monolith, uniq_pikel
D:6:      layout_cave_pools, serial_shops, shop
D:7:      layout_loops_ring, grunt_livestock, kennysheep_boxes
D:8:      layout_basic
D:9:      minmay_the_grid_net [minmay_the_grid_empty, minmay_the_grid_expand,
          minmay_the_grid_empty, minmay_the_grid_holed_spiral,
          minmay_the_grid_empty, minmay_the_grid_prize_diamond_cup],
          layout_basic, serial_shops, kennysheep_mini_moat, uniq_maurice
D:10:     layout_roguey, dpeg_oklobed_lair, enter_bailey_3
D:11:     layout_grid_maze, minmay_curled_crystal, uniq_harold
D:12:     layout_basic, orc_david_3
Temple:   regret_index_temple_chain_breaker
Lair:1:   dpeg_oklob_gauntlet, layout_chaotic_city, minmay_holes,
          serial_bayou_shore_b
Lair:2:   layout_cave_shapes
Lair:3:   layout_long_grid, minmay_shoals_entry_lonely_mermaid,
          guppyfry_snake_entry_island, serial_forest,
          infiniplex_forest_straight_1, infiniplex_forest_clump_double,
          infiniplex_forest_end_2, infiniplex_forest_corner_2,
          infiniplex_forest_lined_2, infiniplex_forest_split,
          infiniplex_forest_lined_3_way, infiniplex_forest_straight_2,
          infiniplex_forest_straight_5, lemuel_oklob_altar, grunt_megastairs_2,
          infiniplex_staircase_pool
Lair:4:   layout_misc_corridors, uniq_rupert, uniq_kirke
Lair:6:   cheibrodos_lair_end_hotspot, layout_regular_city, slime_altar_1,
          basic_altar, kilobyte_rumbling_trees, uniq_urug, uniq_nessos

Skill      XL: |  1  2  3  4  5  6  7  8  9 10 11 12 13 |
---------------+----------------------------------------+-----
Unarmed Combat | 4 6 8 9 10 12 13 14 15 | 15.3
Shields        | 3 4 5 6 7 8 |  8.5
Dodging        | 3 4 5 6 7 |  7.3
Fighting       | 3 4 5 6 |  6.2
Throwing       | 2 3 4 6 |  6.0
Invocations    | 3 4 5 |  5.0
Evocations     | 2 3 |  3.8
Bows           | |  0.5
Stealth        | |  1.0

Action                   |  1- 3 |  4- 6 |  7- 9 | 10-12 | 13-15 || total
-------------------------+-------+-------+-------+-------+-------++-------
Melee: Unarmed           |    72 |    91 |   320 |   706 |   117 ||  1306
       Punch             |     1 |       |     8 |    65 |    14 ||    88
Throw: Javelin           |       |       |       |    23 |     7 ||    30
       Large rock        |       |       |       |     5 |     5 ||    10
Invok: Heroism           |       |       |     3 |    18 |     1 ||    22
       Finesse           |       |       |       |     3 |     1 ||     4
Evoke: Wand              |       |       |       |     4 |       ||     4
       Tin of tremorston |       |       |       |     1 |       ||     1
  Use: Scroll            |       |       |     6 |    16 |     7 ||    29
       Potion            |       |       |       |     4 |     3 ||     7
 Stab: Sleeping          |     6 |     2 |     2 |     2 |       ||    12
  Eat: Chunk             |    16 |    10 |    36 |    98 |    13 ||   173
Armor: Robe              |    27 |    21 |   123 |   168 |    28 ||   367
Dodge: Dodged            |    40 |    37 |   159 |   618 |    83 ||   937
Block: Tower shield      |       |       |    51 |       |       ||    51

Table legend:
 A = Non-vault XP
 B = Vault XP
 C = Vault XP percentage of total XP
 D = Non-vault monster count
 E = Vault monster count
 F = Vault count percentage of total count
                 A         B        C        D         E       F
            +---------+---------+-------+---------+---------+-------
      Total |   34738 |   13422 |  27.9 |     330 |      81 |  19.7
            +---------+---------+-------+---------+---------+-------
        D:1 |      23 |       0 |   0.0 |      14 |       0 |   0.0
        D:2 |      37 |     199 |  84.3 |      15 |       3 |  16.7
        D:3 |     192 |       0 |   0.0 |      30 |       0 |   0.0
        D:4 |     610 |       0 |   0.0 |      16 |       0 |   0.0
        D:5 |     451 |     969 |  68.2 |      21 |       4 |  16.0
        D:6 |    1346 |       0 |   0.0 |      14 |       0 |   0.0
        D:7 |    1146 |     989 |  46.3 |      29 |       5 |  14.7
        D:8 |    1316 |       0 |   0.0 |      24 |       0 |   0.0
        D:9 |    1110 |    2976 |  72.8 |      16 |       7 |  30.4
       D:10 |    2210 |     588 |  21.0 |      30 |       5 |  14.3
       D:11 |    4449 |    1002 |  18.4 |      38 |       1 |   2.6
       D:12 |    5408 |     418 |   7.2 |      31 |       6 |  16.2
     Lair:1 |    2686 |    1702 |  38.8 |      10 |       3 |  23.1
     Lair:2 |    4560 |       0 |   0.0 |      16 |       0 |   0.0
     Lair:3 |    4770 |    2039 |  29.9 |      19 |       6 |  24.0
     Lair:6 |    4424 |     238 |   5.1 |       7 |       2 |  22.2
     Bailey |       0 |    2302 | 100.0 |       0 |      39 | 100.0
            +---------+---------+-------+---------+---------+-------
